 Dungeon Crawl Stone Soup version 0.20.1-1-g8b1a95d (webtiles) character file.

1429 Peloso the Shield-Bearer (level 8, -2/72 HPs)
             Began as a Deep Dwarf Fighter on Aug 16, 2017.
             Was a Believer of Okawaru.
             Slain by an orc warrior
             ... wielding a +0 trident
              (15 damage)
             ... on level 6 of the Dungeon.
             The game lasted 00:17:28 (4826 turns).

Peloso the Shield-Bearer (Deep Dwarf Fighter)       Turns: 4826, Time: 00:17:29

Health: -2/72      AC: 17    Str: 23    XL:     8   Next: 44%
Magic:  7/7        EV: 10    Int: 11    God:    Okawaru [**....]
Gold:   210        SH: 14    Dex: 17    Spells: 7/7 levels left

rFire    + . .     SeeInvis .   n - +2 dagger (vamp)
rCold    . . .     Gourm    .   c - +0 shield
rNeg     . . .     Faith    .   s - +1 plate armour
rPois    .         Spirit   .   A - +1 helmet {Int+3}
rElec    .         Reflect  +   (no cloak)
rCorr    .         Harm     .   q - +0 pair of gloves
MR       +....                  (no boots)
Stlth    ..........             r - +2 amulet of reflection
Regen    0.0/turn               j - ring of wizardry
MPRegen  0.1/turn               m - ring of protection from fire

@: agile, non-regenerating
A: damage resistance, heal wounds, sense surroundings 1, no regeneration
a: Heal Wounds, Heroism, Renounce Religion


You were on level 6 of the Dungeon.
You worshipped Okawaru.
Okawaru was pleased with you.
You were not hungry.

You visited 1 branch of the dungeon, and saw 6 of its levels.
You also visited: Sewer.

You collected 210 gold pieces.

Inventory:

Hand Weapons
 a - a +0 long sword
 n - a +2 vampiric dagger (weapon)
 u - a cursed -3 whip
Armour
 c - a +0 shield (worn)
 q - a +0 pair of gloves (worn)
 s - a +1 plate armour (worn)
 A - a +1 helmet of intelligence (worn)
Jewellery
 j - a ring of wizardry (left hand)
 m - a ring of protection from fire (right hand)
 r - a +2 amulet of reflection (around neck)
Scrolls
 e - 3 scrolls of enchant armour
 k - a scroll of immolation {unknown}
 o - a scroll of blinking
 y - 3 scrolls of remove curse
Potions
 b - 5 potions of heal wounds
 g - a potion of lignification
 h - a potion of brilliance
 l - a potion of haste
 t - 3 potions of curing
 v - a potion of berserk rage {unknown}
 w - 2 potions of flight {unknown}
 x - a potion of magic {unknown}
 z - a potion of agility
Comestibles
 d - 5 chunks of flesh
 f - 3 bread rations
 p - 4 fruits
 B - 3 royal jellies


   Skills:
 + Level 4.0 Fighting
 + Level 4.8(5.1) Short Blades
 + Level 2.8(4.4) Long Blades
 + Level 6.0 Armour
 + Level 0.9 Dodging
 + Level 0.3 Stealth
 + Level 7.7 Shields


You had 7 spell levels left.
You didn't know any spells.

Dungeon Overview and Level Annotations

Branches:
Dungeon (6/15)             Temple (0/1) D:6

Altars:
Okawaru
Uskayaw
Vehumet


Innate Abilities, Weirdness & Mutations

You are resistant to damage.
You can heal yourself by infusing magical energy.
You passively map a small area around you.
You do not regenerate.


Message History

You block the orc warrior's attack.
You closely miss the orc warrior.
The orc warrior is severely wounded.
You hit the orc warrior.
The orc warrior is severely wounded.
The orc warrior hits you with a trident!
You hit the orc warrior but do no damage.
The orc warrior is severely wounded.
The orc warrior hits you with a trident.
* * * LOW HITPOINT WARNING * * *
You hit the orc warrior but do no damage.
The orc warrior is severely wounded.
You hit the orc warrior but do no damage.
The orc warrior is severely wounded.
The orc warrior hits you with a trident!
* * * LOW HITPOINT WARNING * * *
You hit the orc warrior.
You feel better.
The orc warrior is almost dead.
The orc warrior hits you with a trident!
You die...

,
........................#.
........................#.
,
,..........................
.a........................
..........................
* * #...................
#...................
##o###########......
#..@..############.#
#.>...)............#
#.....##.##........#
#.....##.##........#
#.....##..#........#
**#.....###.#.######.# *
.............#.......
*,..............#.......
..............#.......


You could see an orc warrior.

Vanquished Creatures
  An orc warrior (D:6)
  3 ogres
  A phantom (D:6)
  Blork the orc (D:4)
  A big kobold (Sewer)
  2 bullfrogs (D:6)
  2 scorpions
  A crimson imp (D:6)
  A centaur zombie (D:6)
  A hound (D:6)
  An orc priest (D:5)
  An iguana (D:5)
  An orc wizard (D:6)
  5 worker ants
  2 howler monkey zombies (D:6)
  Robin (D:3)
  A river rat (Sewer)
  10 adders
  2 adder skeletons
  5 worms
  2 dart slugs
  2 leopard geckos (D:3)
  13 orcs
  5 giant cockroaches
  15 goblins
  12 hobgoblins
  A jackal (Sewer)
  10 kobolds
  2 quokkas
  A ball python (D:3)
  3 bats (D:3)
  3 frilled lizards
  A quokka skeleton (D:6)
  11 rats
124 creatures vanquished.

Vanquished Creatures (others)
  A centaur (D:3)
  An orc (D:4)
  A goblin (D:3)
3 creatures vanquished.

Grand Total: 127 creatures vanquished

Notes
Turn   | Place    | Note
-------+----------+-------------------------------------------
     0 | D:1      | Peloso the Deep Dwarf Fighter began the quest for the Orb.
     0 | D:1      | Reached XP level 1. HP: 20/20 MP: 1/1
   153 | D:1      | Reached XP level 2. HP: 21/27 MP: 2/2
   733 | D:2      | Found an iron altar of Okawaru.
   743 | D:2      | Became a worshipper of Warmaster Okawaru
   766 | D:2      | Reached XP level 3. HP: 34/34 MP: 3/3
  1437 | D:2      | Reached skill level 4 in Shields
  1539 | D:3      | Reached XP level 4. HP: 42/42 MP: 4/4
  1550 | D:3      | Noticed a hand axe
  1555 | D:3      | Noticed a dagger
  1557 | D:3      | Noticed a centaur
  1558 | D:3      | Found a hide-covered altar of Uskayaw.
  1563 | D:3      | Killed a centaur
  1563 | D:3      | Reached skill level 1 in Short Blades
  1563 | D:3      | Reached XP level 5. HP: 49/49 MP: 5/5
  1980 | D:3      | Found a glowing drain.
  2010 | Sewer    | Entered a sewer
  2046 | Sewer    | Reached skill level 5 in Shields
  2157 | Sewer    | Reached XP level 6. HP: 56/56 MP: 6/6
  2206 | Sewer    | Found a white marble altar of Elyvilon.
  2441 | D:3      | Noticed Robin
  2469 | D:3      | Killed Robin
  2662 | D:4      | Noticed Blork the orc
  2739 | D:4      | Killed Blork the orc
  2739 | D:4      | Reached * piety under Okawaru
  3108 | D:4      | Reached skill level 6 in Shields
  3108 | D:4      | Reached XP level 7. HP: 38/62 MP: 6/6
  3207 | D:4      | Reached skill level 5 in Armour
  3522 | D:5      | Entered Level 5 of the Dungeon
  4262 | D:6      | Reached ** piety under Okawaru
  4367 | D:6      | Found a staircase to the Ecumenical Temple.
  4469 | D:6      | Reached XP level 8. HP: 35/72 MP: 7/7
  4494 | D:6      | Reached skill level 7 in Shields
  4564 | D:6      | Found a radiant altar of Vehumet.
  4826 | D:6      | Slain by an orc warrior

Skill      XL: |  1  2  3  4  5  6  7  8 |
---------------+-------------------------+-----
Fighting       | 3 4 |  4.0
Shields        | 4 5 6 7 |  7.7
Short Blades   | 1 2 3 4 |  4.8
Armour         | 4 5 6 |  6.0
Long Blades    | |  2.8
Dodging        | |  0.9
Stealth        | |  0.3

Action                   |  1- 3 |  4- 6 |  7- 9 || total
-------------------------+-------+-------+-------++-------
Melee: Long sword        |    48 |       |       ||    48
       Dagger            |   106 |   482 |   489 ||  1077
Invok: Heroism           |       |       |     2 ||     2
 Abil: Heal Wounds       |       |     2 |     2 ||     4
  Use: Potion            |       |     1 |     1 ||     2
       Scroll            |       |       |    12 ||    12
  Eat: Fruit             |     2 |       |       ||     2
       Royal jelly       |     1 |       |       ||     1
       Chunk             |     3 |     6 |     7 ||    16
Armor: Scale mail        |    26 |       |       ||    26
       Plate armour      |    16 |   243 |   150 ||   409
Dodge: Dodged            |    30 |    60 |    42 ||   132
Block: Shield            |    70 |   294 |   230 ||   594
       Reflection        |     1 |     6 |     1 ||     8
       Rpst.: Long sword |     2 |       |       ||     2
